 Dungeon Crawl Stone Soup version 0.32-a0-791-gfc315c9ecd (webtiles) character file.

Game seed: 9171815013449822794

3035 ezpacito the Chopper (level 9, -4/103 HPs)
             Began as a Coglin Chaos Knight on Mar 20, 2024.
             Was a Plaything of Xom.
             Slain by a wyvern (5 damage)
             ... summoned by Xom
             ... on level 8 of the Dungeon.
             The game lasted 00:09:39 (6621 turns).

ezpacito the Chopper (Coglin Chaos Knight)          Turns: 6621, Time: 00:09:40

Health: -4/103     AC: 13    Str: 17      XL:     9   Next: 86%
Magic:  13/13      EV: 12    Int: 12      God:    Xom [..*...]
Gold:   454        SH:  0    Dex: 15 (16) Spells: 4/13 levels left

rFire   . . .        a - +0 hand axe (chaos) {María}
rCold   . . .        w - +0 rapier (drain) {Anneliese}
rNeg    . . .        G - +7 leather armour "Zinniy" {Will+ Dex+3}
rPois   .            B - +0 helmet
rElec   .            (no cloak)
rCorr   .            (no gloves)
SInv    .            j - +0 pair of boots
Will    +....        (amulet unavailable) Stlth
                     (ring unavailable)
HPRegen 0.37/turn    (ring unavailable)
MPRegen 0.13/turn    (no gizmo)

%: no passive effects
@: berserking, lethally poisoned (-4 -> -7), revving, very quick
A: off-hand wielding, slow wielding, warmup strikes, no jewellery
a: Invent Gizmo, Renounce Religion


You were on level 8 of the Dungeon.
You worshipped Xom.
You were a toy of Xom.
You visited 2 branches of the dungeon, and saw 9 of its levels.

You collected 454 gold pieces.

Inventory:

Hand Weapons
 a - a +0 hand axe of chaos (weapon) {María}
 b - a +0 trident
 p - a +0 war axe
 w - a +0 rapier of draining (offhand) {Anneliese}
 N - a +2 falchion of holy wrath
Missiles
 h - 2 boomerangs
 u - 3 javelins (quivered)
 y - 2 datura-tipped darts
 F - a silver javelin
 L - 10 poisoned darts
Armour
 j - a +0 pair of boots (worn)
 B - a +0 helmet (worn)
 C - a +0 plate armour
 G - the +7 leather armour "Zinniy" (worn) {Will+ Dex+3}
   (You found it on level 4 of the Dungeon)

   Dex+3:     It affects your dexterity (+3).
   Will+:     It increases your willpower.
Magical Staves
 o - a staff of air {Shi}
Talismans
 m - a flux talisman
 s - a maw talisman
Wands
 i - a wand of iceblast (7)
Scrolls
 e - a scroll of torment {unknown}
 f - 2 scrolls of immolation {unknown}
 k - a scroll of poison {unknown}
 l - 2 scrolls of vulnerability {unknown}
 t - 2 scrolls of teleportation
 v - 2 scrolls of amnesia {unknown}
 A - a scroll of fog {unknown}
 H - a scroll of noise {unknown}
 I - a scroll of revelation {unknown}
 J - a scroll of fear {unknown}
 K - a scroll of acquirement {unknown}
 M - a scroll of blinking {unknown}
 O - a scroll of enchant armour {unknown}
Potions
 c - a potion of mutation {unknown}
 d - a potion of enlightenment {unknown}
 g - a potion of brilliance
 n - 2 potions of might {unknown}
 r - a potion of heal wounds {unknown}
 x - 2 potions of cancellation
 D - a potion of lignification
 E - a potion of attraction


   Skills:
 * Level 5.9 Fighting
 * Level 6.0(6.4) Axes
 + Level 3.2(4.8) Polearms
 * Level 5.2 Armour
 * Level 4.6 Dodging
 + Level 3.3 Stealth
 + Level 2.8 Spellcasting
 + Level 2.2 Necromancy
 + Level 2.4 Alchemy
 + Level 4.3 Evocations


You had 4 spell levels left.
You knew the following spells:

 Your Spells              Type           Power      Damage    Failure   Level
a - Necrotise             Necr           24%        1d5       12%         1
b - Mercury Vapours       Alch/Air       8%         N/A       26%         2
c - Vampiric Draining     Necr           6%         2d6       36%         3
x - Mephitic Cloud        Conj/Alch/Air  3%         N/A       54%         3

Your spell library contained the following spells:

 Spells                   Type           Power      Damage    Failure   Level
 Freeze                   Ice            4%         1d3       30%         1
 Frozen Ramparts          Ice            2%         1d1       65%         3
 Hailstorm                Conj/Ice       1%         3d5       65%         3
 Olgreb's Toxic Radiance  Alch           7%         N/A       71%         4
 Animate Dead             Necr           6%         N/A       77%         4
 Martyr's Knell           Necr/Summ      4%         N/A       88%         4
 Vhi's Electric Charge    Tloc/Air       2%         N/A       96%         4
 Curse of Agony           Necr           6%         N/A       98%         5
 Arcjolt                  Conj/Air       0%         1d10      100%        5
 Freezing Cloud           Conj/Ice/Air   0%         6-21      100%        5
 Haunt                    Necr/Summ      2%         N/A       100%        7
 Ozocubu's Refrigeration  Ice            0%         4d7       100%        7
 Discord                  Hex            0%         N/A       100%        8
 Infestation              Necr           3%         N/A       100%        8
 Maxwell's Capacitive Co  Air            0%         ∞         100%        8


Dungeon Overview and Level Annotations

Branches:
Dungeon (8/15)             Temple (1/1) D:6
   Lair: D:8-11

Altars:
Ashenzari
Cheibriados
Dithmenos
Elyvilon
Fedhas
Gozag
Hepliaklqana
Kikubaaqudgha
Makhleb
Okawaru
Qazlal
Ru
Sif Muna
Trog
Uskayaw
Vehumet
Wu Jian
Xom
Zin
The Shining One

Annotations:
D:7 2 transporters, DeathSocks's ghost, novice DsAl


Innate Abilities, Weirdness & Mutations

You can wield a second weapon in your off-hand.
It takes a long time for you to wield or remove held weapons.
Your first few attacks do less damage.
You cannot equip rings or amulets.


Message History

The killer bee stings you but does no damage.
The kobold brigand hits the bullfrog with a +0 dagger.
You now have 26/103 hp.
You hit the kobold brigand with your +0 hand axe of chaos.
The kobold brigand appears confused.
The kobold brigand is moderately wounded.
You barely miss the wyvern with your +0 hand axe of chaos.
You completely miss the killer bee with your +0 hand axe of chaos. x2
You closely miss the killer bee with your +0 hand axe of chaos.
You slash the bullfrog with your +0 hand axe of chaos!
You barely miss the kobold brigand with your +0 rapier of draining.
You feel sick. The wyvern bites you!
* * * LOW HITPOINT WARNING * * *
You emit a cloud of colourful smoke!
The bullfrog closely misses you. The killer bee barely misses you.
The killer bee closely misses you. The killer bee barely misses you.
The wyvern bites you.
* * * LOW HITPOINT WARNING * * *
You take 13 damage, and have 13/103 hp.
You hit the wyvern with your +0 rapier of draining.
You drain the wyvern.
The wyvern is moderately wounded.
You closely miss the wyvern with your +0 hand axe of chaos.
You miss the killer bee with your +0 hand axe of chaos. x2
You slash the killer bee with your +0 hand axe of chaos!
The killer bee is poisoned.
You completely miss the bullfrog with your +0 hand axe of chaos.
You hit the kobold brigand with your +0 hand axe of chaos.
The kobold brigand evaporates and reforms as an ogre!
You feel sick. The killer bee barely misses you.
The killer bee stings you but does no damage.
The killer bee stings you.
* * * LOW HITPOINT WARNING * * *
The bullfrog closely misses you. The killer bee stings you.
* * * LOW HITPOINT WARNING * * *
The killer bee stings you.
* * * LOW HITPOINT WARNING * * *
The killer bee closely misses you. The wyvern bites you.
You die...
Xom laughs nastily!

##### ###
######...######.##
...............#.#
..........#####.##
..............#.#
######...####.#.#
##.#####y#§######
#......yy@O[...<#
.#######.#....yyFk#.....#
............###DyK#.#####
.#######.#.## #.....#
#.#.# #..##.#
#.#.####.....#
#.#......##### #.#.D#####
#.#..# ########.


You could see a steam dragon, a wyvern (summoned, drained), an ogre (summoned),
a bullfrog (summoned), 6 killer bees and a kobold (summoned).

Vanquished Creatures
  Grinder (D:5)
  A wyvern (D:8)
  A steam dragon (D:8)
  2 water moccasins (D:7)
  5 orc warriors
  2 ice beasts
  2 black bears
  2 centaurs
  2 kobold brigands
  2 bullfrogs
  A brain worm (D:6)
  2 scorpions
  2 howler monkeys
  A hound (D:5)
  2 jellies (D:6)
  A bombardier beetle (D:4)
  5 orc priests
  5 iguanas
  A sleepcap (D:7)
  6 orc wizards
  2 gnolls (D:5)
  8 adders
  2 shadow imps
  A white imp (D:7)
  4 ufetubi
  4 dart slugs
  19 orcs
  5 bats
  6 endoplasms
  A giant cockroach (D:2)
  7 goblins
  8 hobgoblins
  4 jackals (D:4)
  15 kobolds
  4 quokkas
  6 ball pythons
  4 frilled lizards
  7 rats
153 creatures vanquished.

Vanquished Creatures (collateral kills)
  A ribbon worm (D:2)
1 creature vanquished.

Vanquished Creatures (others)
  An orc wizard (D:5)
  An orc (D:8)
2 creatures vanquished.

Grand Total: 156 creatures vanquished

Notes
Turn   | Place    | Note
-------+----------+-------------------------------------------
     0 | D:1      | ezpacito the Coglin Chaos Knight began the quest for the
                  | Orb.
     0 | D:1      | Reached XP level 1. HP: 18/18 MP: 1/1
   165 | D:1      | Reached skill level 1 in Dodging
   213 | D:1      | Reached XP level 2. HP: 24/24 MP: 2/2
   249 | D:1      | XOM: 2-stop teleportation journey
  1122 | D:2      | Reached XP level 3. HP: 29/29 MP: 3/3
  1476 | D:2      | XOM: silly message
  1620 | D:3      | Found a hide-covered altar of Uskayaw.
  1659 | D:3      | XOM: divination: magic mapping
  1735 | D:3      | Reached XP level 4. HP: 35/35 MP: 4/4
  1762 | D:3      | Found a snail-covered altar of Cheibriados.
  1961 | D:3      | XOM: noise
  2455 | D:4      | Noticed a black bear
  2460 | D:4      | Killed a black bear
  2461 | D:4      | Reached skill level 1 in Polearms
  2461 | D:4      | Reached skill level 1 in Stealth
  2461 | D:4      | Reached skill level 1 in Evocations
  2461 | D:4      | Reached XP level 5. HP: 31/41 MP: 4/6
  2619 | D:4      | Noticed Eustachio
  2626 | D:4      | XOM: enchant monster (bad)
  2632 | D:4      | Eustachio changed into Eustachio the endoplasm
  2632 | D:4      | Noticed Eustachio
  2632 | D:4      | XOM: polymorph Eustachio -> Eustachio the endoplasm
  2635 | D:4      | Killed Eustachio the endoplasm
  2704 | D:4      | Reached skill level 1 in Spellcasting
  2810 | D:4      | XOM: snakes to sticks
  2836 | D:4      | Identified the +7 leather armour "Zinniy" {Will+ Dex+3}
  2934 | D:4      | XOM: scenery: create altars
  3167 | D:4      | Reached XP level 6. HP: 47/47 MP: 7/7
  3315 | D:5      | Entered Level 5 of the Dungeon
  3431 | D:5      | Noticed an orc warrior
  3441 | D:5      | XOM: silly message
  3452 | D:5      | Killed an orc warrior
  3453 | D:5      | Reached skill level 4 in Axes
  3524 | D:5      | Noticed Grinder
  3536 | D:5      | Killed Grinder
  3537 | D:5      | Reached XP level 7. HP: 36/54 MP: 9/9
  3608 | D:5      | XOM: 2-stop teleportation journey
  4051 | D:5      | XOM: scenery: create altars
  4111 | D:6      | XOM: cleaving
  4121 | D:5      | Reached XP level 8. HP: 53/61 MP: 10/10
  4303 | D:6      | Learned a level 1 spell: Necrotise
  4306 | D:6      | Learned a level 2 spell: Mercury Vapours
  4310 | D:6      | Learned a level 3 spell: Mephitic Cloud
  4314 | D:6      | Learned a level 3 spell: Vampiric Draining
  4330 | D:6      | Found a staircase to the Ecumenical Temple.
  4365 | Temple   | Entered the Ecumenical Temple
  4542 | D:6      | XOM: scenery: 1 doors open
  4579 | D:6      | XOM: cloud trail
  4594 | D:6      | Reached skill level 5 in Axes
  4594 | D:6      | Reached skill level 1 in Alchemy
  4630 | D:6      | Reached skill level 5 in Fighting
  4773 | D:6      | Reached skill level 1 in Necromancy
  4977 | D:7      | Noticed DeathSocks's ghost (novice DsAl)
  4995 | D:7      | Found a transporter.
  5001 | D:7      | Noticed a moth of wrath
  5014 | D:7      | Found a transporter.
  5144 | D:7      | Reached XP level 9. HP: 54/68 MP: 12/12
  5188 | D:7      | XOM: 1-stop teleportation journey
  5595 | D:7      | XOM: noise
  5637 | D:7      | XOM: confusion (+ monsters)
  5790 | D:7      | XOM: 2-stop teleportation journey
  5872 | D:7      | XOM: divination: detect creatures
  5922 | D:7      | XOM: potion effect (invisibility)
  6363 | D:8      | XOM: enchant monster (good)
  6377 | D:8      | Reached skill level 5 in Armour
  6441 | D:8      | XOM: confuse monster(s)
  6449 | D:8      | XOM: fog
  6455 | D:8      | XOM: polymorph orc wizard -> dart slug
  6469 | D:8      | Reached skill level 6 in Axes
  6492 | D:8      | XOM: stat loss: -1 Dex (15/16)
  6515 | D:8      | XOM: summons 2 hostile shadow creatures
  6616 | D:8      | XOM: summons 4 hostile shadow creatures
  6620 | D:8      | XOM: smoke on damage
  6621 | D:8      | HP: 1/103 [killer bee[Xom] (5)]
  6621 | D:8      | Slain by a wyvern

Illustrated notes

Levels and vault maps discovered:
D:1:      onia_arrival_pentagram, layout_loops_corners
D:2:      layout_rooms, minivault_26, minivault_27, minmay_joined_circles
D:3:      layout_loops_corners, mainiacjoe_overflow_concentric_impassable,
          mainiacjoe_overflow_six_doors_small, kennysheep_nub
D:4:      layout_basic, minivault_24, uniq_eustachio
D:5:      layout_rooms, uniq_grinder
D:6:      nicolae_cairo_tiling_large, layout_cave_pools,
          minmay_temple_entry_overgrown
D:7:      layout_basic, gammafunk_ghost_berserking_beasts
D:8:      layout_loops_ring, mainiacjoe_overflow_alcove_2,
          nicolae_shop_i_like_big_books
Temple:   sentei_temple_godly_chess

Skill      XL: |  1  2  3  4  5  6  7  8  9 |
---------------+----------------------------+-----
Dodging        | 1 2 3 4 |  4.6
Armour         | 2 3 4 5 |  5.2
Polearms       | 1 2 3 |  3.2
Stealth        | 1 2 3 |  3.3
Evocations     | 1 2 3 4 |  4.3
Spellcasting   | 1 2 |  2.8
Axes           | 4 5 6 |  6.0
Fighting       | 4 5 |  5.9
Alchemy        | 1 2 |  2.4
Necromancy     | 1 2 |  2.2

Action                     |  1- 3 |  4- 6 |  7- 9 || total
---------------------------+-------+-------+-------++-------
  Melee: Dagger            |    29 |       |       ||    29
         Hand axe          |    78 |    92 |   273 ||   443
         Spear             |    17 |       |       ||    17
         Staff             |    14 |       |       ||    14
         Rapier            |    13 |    96 |   274 ||   383
    Use: Potion            |       |     4 |     8 ||    12
         Scroll            |       |     1 |     5 ||     6
   Stab: Sleeping          |     2 |     2 |     7 ||    11
         Invisible         |       |     2 |    15 ||    17
         Petrified         |       |       |    17 ||    17
         Petrifying        |       |       |     5 ||     5
         Confused          |       |       |     5 ||     5
         Paralysed         |       |       |     3 ||     3
         Distracted        |       |       |     1 ||     1
 Armour: Leather armour    |    54 |    46 |   233 ||   333
         Chain mail        |       |    57 |       ||    57
  Dodge: Dodged            |    31 |    69 |   250 ||   350

Table legend: (Time is in decaauts)
 A = Elapsed time spent in this place.
 B = Non-inter-level travel time spent in this place.
 C = Inter-level travel time spent in this place.
 D = Time resting spent in this place.
 E = Time spent auto-exploring this place.
 F = Levels seen in this place.
 G = Mean time per level.
                   A        B        C        D        E       F      G
               +--------+--------+--------+--------+--------+-----+--------+
         Total |   6651 |   6150 |    501 |     89 |   4864 |   9 |  739.0 |
       Dungeon |   6650 |   6149 |    501 |     89 |   4864 |   8 |  831.2 |
        Temple |      1 |      1 |      0 |      0 |      0 |   1 |    1.0 |
               +--------+--------+--------+--------+--------+-----+--------+

Top non-repeatable levels by time:
     D:7: 1363 daAuts
     D:1: 928 daAuts
     D:4: 902 daAuts
     D:5: 874 daAuts
     D:3: 851 daAuts
     D:6: 754 daAuts
     D:2: 652 daAuts
     D:8: 324 daAuts
  Temple: 1 daAuts
